[Event "January 9 Early 2024"]
[Site "https://www.chess.com"]
[Date "2024.01.11"]
[Round "8"]
[White "Rajdeep Sarkar"]
[Black "Stojanovski, Sandi"]
[Result "1/2-1/2"]
[Board "249"]
[TimeControl "180+1"]
[WhiteFideId "25007963"]
[BlackFideId "1403249"]
[WhiteElo "2437"]
[BlackElo "2550"]
[WhiteTeam "IND"]
[BlackTeam "DEN"]
[WhiteClock "0:00:11"]
[BlackClock "0:00:22"]

1. Nf3 d5 2. d4 Nf6 3. c4 e6 4. Nc3 Bb4 5. Bg5 h6 6. Bh4 c5 7. e3 Qa5 8. Qc2 Ne4 9. Rc1 Nc6 10. dxc5 Qxa2 11. cxd5 exd5 12. Bb5 Bf5 13. Nd4 Bd7 14. Qb3 Qxb3 15. Nxb3 Bxc3+ 16. bxc3 O-O 17. f3 Nf6 18. Bxf6 gxf6 19. Kf2 Rfc8 20. Rhd1 Be6 21. Nd4 Ne5 22. Nb3 a6 23. Be2 Nd7 24. c4 dxc4 25. Bxc4 Nxc5 26. Nd4 Bxc4 27. Rxc4 Ne6 28. Rb4 Nxd4 29. Rdxd4 b5 30. Rg4+ Kf8 31. Rh4 Rcb8 32. Rh5 a5 33. Rbxb5 Rxb5 34. Rxb5 a4 35. Rb2 a3 36. Ra2 Ke7 37. Ke2 Kd6 38. Kd3 f5 39. Kc3 Kc5 40. Kb3 h5 41. Rxa3 Rxa3+ 42. Kxa3 Kc4 43. Kb2 Kd3 44. e4 fxe4 45. fxe4 Kxe4 46. Kc2 Ke3 47. Kd1 Kf2 48. g3 Kg2 49. Ke2 Kxh2 50. Kf2 Kh3 51. Kf3 f6 52. Kf2 Kg4 53. Kg2 f5 54. Kf2 Kg5 55. Ke3 Kg4 56. Kf2 Kg5 57. Ke3 Kf6 58. Kf3 Ke5 59. Ke3 Ke6 60. Kf3 Kf6 61. Kf2 Kg6 62. Kg2 Kg5 63. Kf2 Kg4 64. Kg2 h4 65. gxh4 Kxh4 66. Kf3 Kg5 67. Kg3 Kg6 68. Kf4 Kf6 69. Kf3 Ke5 70. Ke3 Kd5 71. Kf4 Ke6 72. Kf3 Kf6 73. Kf4 Kg6 74. Kf3 Kg5 75. Kg3 f4+ 76. Kf3 Kf5 77. Kf2 Kf6 78. Kf3 Ke5 79. Kf2 Ke4 80. Ke2 Kd4 81. Kf3 Ke5 82. Kf2 Ke4 83. Ke2 f3+ 84. Kf2 Kf4 85. Kf1 Kg3 86. Kg1 Kh4 87. Kf2 Kg4 88. Kf1 Kf5 89. Kf2 Kf4 90. Kf1 Ke4 91. Kf2 Kf4 1/2-1/2

[Event "January 9 Early 2024"]
[Site "https://www.chess.com"]
[Date "2024.01.11"]
[Round "8"]
[White "Tristan, Leonardo"]
[Black "Ashraf, Artin"]
[Result "1/2-1/2"]
[Board "250"]
[TimeControl "180+1"]
[WhiteFideId "113816"]
[BlackFideId "22514805"]
[WhiteElo "2745"]
[BlackElo "2904"]
[WhiteTeam "ARG"]
[BlackTeam "IRI"]
[WhiteClock "0:00:05"]
[BlackClock "0:00:04"]

1. d4 d5 2. Nf3 Nf6 3. Bf4 g6 4. e3 Bg7 5. Be2 O-O 6. O-O c5 7. c3 Nc6 8. h3 b6 9. Qb3 e6 10. Nbd2 Qe7 11. Qa3 Rd8 12. Rac1 Bf8 13. Bg5 h6 14. Bh4 g5 15. Bg3 Bb7 16. c4 cxd4 17. Qxe7 Bxe7 18. cxd5 Nxd5 19. exd4 Rac8 20. a3 f6 21. Nc4 Kf7 22. Rfd1 Rd7 23. Ne3 Rcd8 24. Bb5 Rc8 25. Nxd5 Rxd5 26. Bc4 Rdd8 27. d5 exd5 28. Rxd5 Kg7 29. Rxd8 Rxd8 30. Bb5 Rc8 31. Rd1 Rd8 32. Re1 Kf8 33. h4 Nb8 34. Rc1 Bc5 35. b4 Bd6 36. Bxd6+ Rxd6 37. hxg5 hxg5 38. Rc7 Bxf3 39. gxf3 a6 40. Bf1 Rd8 41. Rb7 b5 42. Bh3 Ke8 43. Bf5 Kf8 44. Bg6 Rc8 45. Rf7+ Kg8 46. Rxf6 Rc6 47. Rxc6 Nxc6 48. Be4 Ne5 49. Bb7 Nc4 50. Bxa6 Nxa3 51. Kf1 Nc2 52. Bxb5 Nxb4 53. Ke2 Kg7 54. Ke3 Nd5+ 55. Ke4 Ne7 56. Ke5 Ng6+ 57. Kf5 Kh6 58. Be8 Nf4 59. Kg4 Nd5 60. Bf7 Nf6+ 61. Kf5 Nh7 62. Bd5 Nf8 63. Be4 Ng6 64. Kf6 Nf4 65. Bf5 Nh5+ 66. Ke5 Nf4 67. Bg4 Kg6 68. Kd6 Kf6 69. Kc5 Ke5 70. Kc6 Nd3 71. Kd7 Nxf2 72. Bh5 Kf4 73. Kd6 Nd3 74. Ke6 Nc5+ 75. Kf6 Nb3 76. Kg6 Nd2 77. Kh6 Nf1 78. Kg6 Nh2 79. Kh6 Kf5 80. Bg6+ Kf6 81. Bh5 Nf1 82. Bg4 Ne3 83. Bh5 Nf5+ 84. Kh7 Ke5 85. Kg6 Kf4 86. Bg4 Nh4+ 87. Kh5 Ng2 88. Kh6 Ne3 89. Kh5 Nc4 90. Kh6 Nd6 91. Kh5 Nb5 92. Kg6 Nd4 93. Bh5 Nf5 94. Bg4 Ng3 95. Kf6 Ne2 96. Bh5 Nc3 97. Bg4 Nd1 98. Bh5 Ne3 99. Kg6 Nf5 1/2-1/2

[Event "January 9 Early 2024"]
[Site "https://www.chess.com"]
[Date "2024.01.11"]
[Round "8"]
[White "Pinero Rodriguez, Carlos Jose"]
[Black "Kvaloy, Aksel Bu"]
[Result "0-1"]
[Board "251"]
[TimeControl "180+1"]
[WhiteFideId "3901726"]
[BlackFideId "1528815"]
[WhiteElo "2561"]
[BlackElo "2731"]
[WhiteTeam "VEN"]
[BlackTeam "NOR"]
[WhiteClock "0:00:02"]
[BlackClock "0:00:06"]

1. d4 Nf6 2. Nf3 e6 3. g3 b5 4. Bg2 Bb7 5. O-O Be7 6. a4 b4 7. c4 bxc3 8. Nxc3 O-O 9. Bf4 d5 10. Nb5 Na6 11. Rc1 c5 12. b3 cxd4 13. Nfxd4 Qd7 14. Qd3 Nc5 15. Qb1 Rfc8 16. Nf3 a6 17. Ne5 Qd8 18. Nd4 Qb6 19. a5 Qb4 20. Rfd1 Nce4 21. Nec6 Bxc6 22. Nxc6 Rxc6 23. Rxc6 Nc3 24. Rxc3 Qxc3 25. Bd2 Qc6 26. b4 Qb5 27. Qd3 Rb8 28. Rb1 g6 29. h3 Qxd3 30. exd3 Rb5 31. Bf1 d4 32. Bg2 Nd5 33. Bxd5 exd5 34. Kf1 Kf8 35. Ke2 Ke8 36. Kd1 Kd7 37. Kc2 Rb8 38. Kb3 Kc6 39. Ka4 Rb5 40. Rc1+ Kd7 41. f4 h5 42. g4 hxg4 43. hxg4 Rb8 44. Rh1 Bd6 45. f5 gxf5 46. gxf5 Be5 47. Rh7 Ke7 48. Bg5+ Bf6 49. Bf4 Rb5 50. Rh1 Kd7 51. Rg1 Be7 52. Bd2 Bd6 53. Rg8 Bb8 54. Rf8 Ke7 55. Rc8 Kd7 56. Rc5 Rxc5 57. bxc5 Kc6 58. Bb4 Bc7 59. Ba3 Bd8 60. Bb4 Be7 61. Ba3 Bxc5 62. Bc1 Kd6 63. Bf4+ Ke7 64. Be5 f6 65. Bf4 Kf7 66. Bg3 Kg7 67. Bf4 Kf7 68. Bc7 Kf8 69. Bb6 Bd6 70. Bxd4 Kg7 71. Be3 Kf7 72. d4 Ke7 73. Kb3 Kd7 74. Ka4 Kc6 75. Bd2 Be7 76. Bh6 Kd7 77. Bf4 Ke8 78. Bh6 Kf7 79. Bf4 Kg7 80. Bd2 Kf7 81. Bb4 Bd8 82. Bd6 Ke8 83. Kb4 Kd7 84. Bc5 Kc6 85. Bf8 Bc7 86. Be7 Bf4 87. Bxf6 Bd2+ 88. Ka4 Kd7 89. Be5 Ke7 90. f6+ Ke6 91. f7 Kxf7 92. Bc7 Ke6 93. Bb6 Kf5 94. Kb3 Ke4 95. Kc2 Bb4 96. Kb3 Be7 97. Kc3 Bh4 98. Bc7 Be1+ 99. Kb3 Kd3 100. Bb6 Bc3 101. Bc5 Bxd4 102. Bd6 Ba7 103. Be5 d4 104. Kb4 Ke3 105. Bg7 d3 106. Bh6+ Ke2 0-1

[Event "January 9 Early 2024"]
[Site "https://www.chess.com"]
[Date "2024.01.11"]
[Round "8"]
[White "Srdanovic, Jovana"]
[Black "Dyachuk, Artem"]
[Result "1/2-1/2"]
[Board "252"]
[TimeControl "180+1"]
[WhiteFideId "954810"]
[BlackFideId "34107924"]
[WhiteElo "2564"]
[BlackElo "2707"]
[WhiteTeam "SRB"]
[BlackTeam "UKR"]
[WhiteClock "0:00:15"]
[BlackClock "0:00:02"]

1. d4 Nf6 2. c4 e6 3. Nf3 c5 4. d5 d6 5. Nc3 exd5 6. cxd5 g6 7. Bf4 Bg7 8. e3 O-O 9. Be2 Ne8 10. O-O Nd7 11. a4 Ne5 12. Nxe5 dxe5 13. Bg3 Nd6 14. Qb3 b6 15. Rfd1 Nf5 16. Bc4 h5 17. h3 Nxg3 18. fxg3 Bf5 19. e4 Bd7 20. d6 Qg5 21. Rf1 Qxg3 22. Rf3 Qg5 23. Raf1 Kh7 24. Rxf7 Bxh3 25. Qc2 Qe3+ 26. Qf2 Qxf2+ 27. R1xf2 Bg4 28. Nd5 Rad8 29. Nf6+ Kh6 30. Nxg4+ hxg4 31. d7 Rxf7 32. Rxf7 Bf8 33. Be6 Kg5 34. g3 Bd6 35. Kf2 Rh8 36. Ke2 a6 37. Kd3 b5 38. b3 c4+ 39. Kc3 cxb3 40. Kxb3 Bc7 41. axb5 axb5 42. Kb4 Rh3 43. Kxb5 Rxg3 44. Rf8 Rd3 45. Rg8 g3 46. Bf5 Kf4 47. Rxg6 Bd8 48. Rg8 Bg5 49. Rf8 Ke3 50. Bh3 Bf4 51. Kc6 Rd2 52. d8=Q Rxd8 53. Rxd8 Kxe4 54. Rd1 Kf3 55. Kd5 g2 56. Rg1 Kg3 57. Rxg2+ Kxh3 58. Rg8 Kh4 59. Ke4 Kh5 60. Kf5 Kh6 61. Rg6+ Kh5 62. Rg8 Kh4 63. Rg1 Kh3 64. Rg7 Kh2 65. Ke4 Kh3 66. Kf3 Kh4 67. Rg8 Kh5 68. Rg1 Kh4 69. Rg2 Kh5 70. Ke4 Kh4 71. Ra2 Kg3 72. Ra3+ Kg4 73. Rb3 Kg5 74. Rb8 Kf6 75. Rf8+ Ke6 76. Rh8 Kf6 77. Rh1 Kg5 78. Rg1+ Kf6 79. Rb1 Kg5 80. Rb5 Kg4 81. Rb3 Kg5 82. Kf3 Kf5 83. Rb5 Ke6 84. Ke4 Kd6 85. Ra5 Ke6 86. Kd3 Kf5 87. Kc4 Ke4 88. Ra3 Be3 89. Ra2 Bd4 90. Re2+ Kf3 91. Rh2 Kf4 92. Kd3 Kf3 93. Rh3+ Kg4 94. Rh8 Kf5 95. Rf8+ Ke6 96. Ke4 Bc5 97. Re8+ Be7 98. Ra8 Bd6 99. Ra6 Kd7 100. Kd5 Bc7 101. Rh6 Ke7 102. Rh7+ Kd8 103. Rh8+ Kd7 104. Rh6 Ke7 105. Ra6 Kd7 106. Ra7 Kd8 107. Kc6 Bb8 1/2-1/2

[Event "January 9 Early 2024"]
[Site "https://www.chess.com"]
[Date "2024.01.11"]
[Round "9"]
[White "Sethuraman, S.P."]
[Black "Bortnyk, Olexandr"]
[Result "0-1"]
[Board "1"]
[TimeControl "180+1"]
[WhiteFideId "5021596"]
[BlackFideId "14120828"]
[WhiteElo "2881"]
[BlackElo "3114"]
[WhiteTeam "IND"]
[BlackTeam "UKR"]
[WhiteClock "0:01:57"]
[BlackClock "0:02:59"]

1. e4 Nf6 2. e5 Nd5 3. d4 d6 4. Nf3 dxe5 5. Nxe5 c6 6. Be2 Bf5 7. O-O Nd7 8. Nf3 e6 9. c4 N5f6 10. Nc3 Bd6 11. Nh4 Bg6 12. Be3 Ne4 13. Nxg6 Bxh2+ 14. Kh1 hxg6 15. Nxe4 Bc7+ 16. Kg1 Rh1+ 17. Kxh1 Qh4+ 18. Kg1 Qh2# 0-1

[Event "January 9 Early 2024"]
[Site "https://www.chess.com"]
[Date "2024.01.11"]
[Round "9"]
[White "Nigalidze, Gaioz"]
[Black "Gutierrez Olivares, Daniel"]
[Result "1-0"]
[Board "3"]
[TimeControl "180+1"]
[WhiteFideId "13603078"]
[BlackFideId "2264005"]
[WhiteElo "2657"]
[BlackElo "2477"]
[WhiteTeam "GEO"]
[BlackTeam "ESP"]
[WhiteClock "0:01:54"]
[BlackClock "0:01:33"]

1. e4 e6 2. d4 d5 3. exd5 exd5 4. Nf3 Nc6 5. Bd3 Bg4 6. c3 Bd6 7. O-O Nge7 8. Bg5 f6 9. Bh4 Nf5 10. Re1+ Nce7 11. h3 Bh5 12. Bxf5 1-0

[Event "January 9 Early 2024"]
[Site "https://www.chess.com"]
[Date "2024.01.11"]
[Round "9"]
[White "Luukkonen, Tommi"]
[Black "Spitzl, Vinzent"]
[Result "1-0"]
[Board "6"]
[TimeControl "180+1"]
[WhiteFideId "501808"]
[BlackFideId "12901253"]
[WhiteElo "2334"]
[BlackElo "2430"]
[WhiteTeam "FIN"]
[BlackTeam "GER"]
[WhiteClock "0:02:16"]
[BlackClock "0:01:41"]

1. e4 d5 2. exd5 Qxd5 3. Nc3 Qd8 4. d4 Nf6 5. Nf3 g6 6. Bc4 Bg7 7. Ne5 O-O 8. O-O Nc6 9. Nxc6 bxc6 10. Re1 Rb8 11. Bb3 Bf5 12. Bg5 Qd6 13. Qf3 Rfe8 14. Rad1 Rbd8 15. h3 h6 16. Bh4 Nd5 17. Ne4 Bxe4 18. Rxe4 Rb8 19. c4 Nf6 20. c5 Qd7 21. Re2 e6 22. Bxf6 1-0

[Event "January 9 Early 2024"]
[Site "https://www.chess.com"]
[Date "2024.01.11"]
[Round "9"]
[White "Skibbe, Willi"]
[Black "Bazilius, Augustinas"]
[Result "0-1"]
[Board "7"]
[TimeControl "180+1"]
[WhiteFideId "4682190"]
[BlackFideId "12832251"]
[WhiteElo "2365"]
[BlackElo "2515"]
[WhiteTeam "GER"]
[BlackTeam "LTU"]
[WhiteClock "0:01:47"]
[BlackClock "0:02:03"]

1. e4 c5 2. c3 h6 3. d4 cxd4 4. cxd4 d6 5. Nc3 g6 6. Nf3 Bg7 7. h3 Nf6 8. Be2 O-O 9. O-O b6 10. Be3 Bb7 11. Nd2 Nbd7 12. f4 Rc8 13. Bf3 e5 14. dxe5 dxe5 15. f5 g5 16. Nb5 Nc5 17. Nxa7 Ra8 18. Bxc5 bxc5 19. Nb5 Ba6 20. a4 Bxb5 21. axb5 Rxa1 22. Qxa1 Qxd2 23. Rd1 Qe3+ 24. Kh1 Nxe4 25. Re1 Ng3+ 26. Kh2 Qf4 27. Re4 Nxe4+ 0-1

[Event "January 9 Early 2024"]
[Site "https://www.chess.com"]
[Date "2024.01.11"]
[Round "9"]
[White "Korchmar, Vasiliy"]
[Black "Waldhausen Gordon, Frederick"]
[Result "1-0"]
[Board "9"]
[TimeControl "180+1"]
[WhiteFideId "24131750"]
[BlackFideId "2409143"]
[WhiteElo "2723"]
[BlackElo "2560"]
[WhiteTeam "RUS"]
[BlackTeam "SCO"]
[WhiteClock "0:01:45"]
[BlackClock "0:02:00"]

1. e4 c5 2. d4 cxd4 3. Qxd4 Nc6 4. Qd3 Nf6 5. Nc3 d6 6. Nf3 g6 7. Be2 Bg7 8. O-O O-O 9. Nd5 Be6 10. c3 Rc8 11. Bg5 Nd7 12. Qe3 a6 13. Rfd1 Re8 14. h4 b5 15. h5 Nc5 16. h6 Bf8 17. Nd4 Ne5 18. f4 Nc4 19. Bxc4 bxc4 20. f5 Bxd5 21. exd5 f6 22. Bf4 g5 23. Bxg5 fxg5 24. Qxg5+ Kh8 25. Ne6 Nxe6 26. fxe6 Qb6+ 27. Rd4 Qxb2 28. Rf1 Qc2 29. Rxf8+ Rxf8 30. Qg7# 1-0

[Event "January 9 Early 2024"]
[Site "https://www.chess.com"]
[Date "2024.01.11"]
[Round "9"]
[White "Leiva, Gianmarco"]
[Black "Sharapov, Evgeny"]
[Result "0-1"]
[Board "10"]
[TimeControl "180+1"]
[WhiteFideId "3804399"]
[BlackFideId "14103133"]
[WhiteElo "2692"]
[BlackElo "2556"]
[WhiteTeam "PER"]
[BlackTeam "UKR"]
[WhiteClock "0:01:22"]
[BlackClock "0:02:02"]

1. d4 d5 2. Nf3 e6 3. Bf4 Nf6 4. e3 Bd6 5. Nbd2 Bxf4 6. exf4 O-O 7. Bd3 b6 8. Qe2 a5 9. Ne5 Ba6 10. c3 Bxd3 11. Nxd3 Nbd7 12. O-O c5 13. Nf3 Ne4 14. c4 cxd4 15. cxd5 exd5 16. Nxd4 Re8 17. Qd1 Ndc5 18. Ne5 f6 19. Ng4 Qd7 20. Ne3 Rad8 21. Rc1 Qa4 22. Qd2 Nxd2 0-1

[Event "January 9 Early 2024"]
[Site "https://www.chess.com"]
[Date "2024.01.11"]
[Round "9"]
[White "Yuan, Qingyu"]
[Black "Sierra Vallina, Lionel"]
[Result "1-0"]
[Board "11"]
[TimeControl "180+1"]
[WhiteFideId "8609772"]
[BlackFideId "54559774"]
[WhiteElo "2759"]
[BlackElo "2625"]
[WhiteTeam "CHN"]
[BlackTeam "ESP"]
[WhiteClock "0:01:39"]
[BlackClock "0:02:04"]

1. e4 c6 2. d4 d5 3. Nd2 dxe4 4. Nxe4 Nf6 5. Ng3 h5 6. h4 Bg4 7. f3 Qc7 8. N1e2 Bc8 9. c3 e6 10. Bf4 Bd6 11. Qd2 Nbd7 12. Bxd6 Qxd6 13. O-O-O Qd5 14. Kb1 O-O 15. Nf4 Qa5 16. b4 Qc7 17. Nfxh5 a5 18. Qg5 Nxh5 19. Nxh5 g6 20. Bd3 Qd8 21. Qh6 1-0

[Event "January 9 Early 2024"]
[Site "https://www.chess.com"]
[Date "2024.01.11"]
[Round "9"]
[White "Sanal, Vahap"]
[Black "Starozhilov, Leonid"]
[Result "1-0"]
[Board "12"]
[TimeControl "180+1"]
[WhiteFideId "6300545"]
[BlackFideId "14106752"]
[WhiteElo "2929"]
[BlackElo "2775"]
[WhiteTeam "TUR"]
[BlackTeam "UKR"]
[WhiteClock "0:01:54"]
[BlackClock "0:01:05"]

1. e4 g6 2. d4 Bg7 3. Nf3 d6 4. Bd3 Nf6 5. c3 O-O 6. O-O Nc6 7. Be3 e5 8. Nbd2 Ng4 9. Bg5 f6 10. Bh4 g5 11. Bg3 Nh6 12. Re1 Nf7 13. Nf1 h5 14. h3 h4 15. Bh2 Ne7 16. Ne3 Be6 17. Nd2 Qe8 18. Nf5 Nh6 19. Qf3 b6 20. Bc4 Nhxf5 21. Bxe6+ 1-0

[Event "January 9 Early 2024"]
[Site "https://www.chess.com"]
[Date "2024.01.11"]
[Round "9"]
[White "Tristan, Leonardo"]
[Black "Bachmann, Axel"]
[Result "1-0"]
[Board "13"]
[TimeControl "180+1"]
[WhiteFideId "113816"]
[BlackFideId "3700488"]
[WhiteElo "2756"]
[BlackElo "2890"]
[WhiteTeam "ARG"]
[BlackTeam "PAR"]
[WhiteClock "0:01:52"]
[BlackClock "0:00:58"]

1. d4 d5 2. Nf3 Nf6 3. Bf4 c5 4. e3 Nc6 5. c3 cxd4 6. exd4 Bg4 7. Nbd2 e6 8. Qb3 Bd6 9. Qxb7 Bxf4 10. Qxc6+ Kf8 11. Ne5 h5 12. Bd3 Qb8 13. Qc5+ Kg8 14. Nc6 Qxb2 15. Ne7+ 1-0

[Event "January 9 Early 2024"]
[Site "https://www.chess.com"]
[Date "2024.01.11"]
[Round "9"]
[White "Zhigalko, Sergei"]
[Black "Marn, Jan"]
[Result "1-0"]
[Board "14"]
[TimeControl "180+1"]
[WhiteFideId "13502956"]
[BlackFideId "14619245"]
[WhiteElo "2918"]
[BlackElo "2504"]
[WhiteTeam "BLR"]
[BlackTeam "SLO"]
[WhiteClock "0:01:43"]
[BlackClock "0:01:51"]

1. e4 e5 2. Nf3 Nc6 3. Bc4 h6 4. d4 exd4 5. Nxd4 Bc5 6. Bxf7+ Kxf7 7. Qh5+ Kf8 8. Qxc5+ Qe7 9. Qxe7+ Kxe7 10. Nf5+ Kf7 11. Nc3 d6 12. Ne3 Be6 13. b3 Nf6 14. Bb2 Rhe8 15. O-O-O a5 16. a4 Nb4 17. Nb5 Rac8 18. f3 d5 19. Bxf6 Kxf6 20. exd5 Bd7 21. Rhe1 Bxb5 22. axb5 Rcd8 23. c3 1-0

[Event "January 9 Early 2024"]
[Site "https://www.chess.com"]
[Date "2024.01.11"]
[Round "9"]
[White "Reprintsev, Alexander"]
[Black "Antunez Soler, Luis"]
[Result "0-1"]
[Board "15"]
[TimeControl "180+1"]
[WhiteFideId "14100541"]
[BlackFideId "3513335"]
[WhiteElo "2450"]
[BlackElo "2598"]
[WhiteTeam "UKR"]
[BlackTeam "CUB"]
[WhiteClock "0:01:27"]
[BlackClock "0:01:40"]

1. e4 e6 2. d4 d5 3. Nc3 Nf6 4. Bg5 Be7 5. e5 Nfd7 6. h4 Nc6 7. Qg4 f6 8. exf6 Nxf6 9. Bxf6 Bxf6 10. Bb5 O-O 11. Bxc6 bxc6 12. Qf4 e5 13. dxe5 Bxe5 14. Qd2 Rb8 15. Nd1 Qf6 16. Nf3 Bf4 17. Qc3 Re8+ 18. Kf1 Ba6+ 19. Kg1 d4 20. Qa3 Be2 21. g3 Bd6 0-1

[Event "January 9 Early 2024"]
[Site "https://www.chess.com"]
[Date "2024.01.11"]
[Round "9"]
[White "Pandey Srishti"]
[Black "Hercegovac, Neven"]
[Result "1-0"]
[Board "16"]
[TimeControl "180+1"]
[WhiteFideId "35093290"]
[BlackFideId "2839135"]
[WhiteElo "2461"]
[BlackElo "2334"]
[WhiteTeam "IND"]
[BlackTeam "ITA"]
[WhiteClock "0:02:07"]
[BlackClock "0:01:23"]

1. e4 e6 2. d4 d5 3. Nc3 Nf6 4. e5 Nfd7 5. f4 c5 6. Nf3 Nc6 7. Be3 cxd4 8. Nxd4 Qb6 9. Qd2 Qxb2 10. Rb1 Qa3 11. Bb5 Nxd4 12. Bxd4 a6 13. Bxd7+ Bxd7 14. Rb3 Qe7 15. Rxb7 Rc8 16. O-O Qd8 17. Qe3 Rc4 18. Rfb1 Be7 19. Rb8 Rc8 20. Rxc8 Qxc8 21. Ne2 O-O 22. Qb3 Bb5 23. Nc3 Bc4 24. Qb7 Qxb7 25. Rxb7 g5 26. g3 gxf4 27. gxf4 f6 28. Rxe7 fxe5 29. Bxe5 1-0

[Event "January 9 Early 2024"]
[Site "https://www.chess.com"]
[Date "2024.01.11"]
[Round "9"]
[White "Viana, Valeria"]
[Black "Vargas, Mauricio"]
[Result "0-1"]
[Board "17"]
[TimeControl "180+1"]
[WhiteFideId "8407100"]
[BlackFideId "4404572"]
[WhiteElo "2054"]
[BlackElo "1860"]
[WhiteTeam "HON"]
[BlackTeam "COL"]
[WhiteClock "0:01:17"]
[BlackClock "0:01:52"]

1. e4 d5 2. exd5 Qxd5 3. Nc3 Qa5 4. d4 c6 5. Nf3 Bg4 6. h3 Bf5 7. Bc4 e6 8. Bd2 Qc7 9. g4 Bg6 10. Ne5 Bd6 11. Nxg6 hxg6 12. Qf3 Nf6 13. O-O-O Nbd7 14. Bg5 O-O-O 15. Ne4 Be7 16. Bf4 Qa5 17. Nd6+ Bxd6 18. Bxd6 Nb6 19. Be7 Nxc4 20. Qb3 Qb5 21. Bxd8 Rxd8 22. f3 Qg5+ 23. Kb1 Nd2+ 24. Rxd2 Qxd2 0-1

[Event "January 9 Early 2024"]
[Site "https://www.chess.com"]
[Date "2024.01.11"]
[Round "9"]
[White "Zhukov, Maksim"]
[Black "de Lisle, Sarah"]
[Result "1-0"]
[Board "18"]
[TimeControl "180+1"]
[WhiteFideId "34181790"]
[BlackFideId "402605"]
[WhiteElo "2313"]
[BlackElo "1948"]
[WhiteTeam "RUS"]
[BlackTeam "ENG"]
[WhiteClock "0:02:10"]
[BlackClock "0:00:49"]

1. e4 e5 2. Nf3 Nc6 3. d4 exd4 4. Bc4 Be7 5. c3 d6 6. Qb3 Na5 7. Bxf7+ Kf8 8. Qa4 Kxf7 9. Qxa5 dxc3 10. Nxc3 Be6 11. Ng5+ Bxg5 12. Bxg5 Qd7 13. O-O h6 14. Be3 Ne7 15. f4 Bc4 16. Rf3 b6 17. Qh5+ g6 18. Qh4 Raf8 19. Bd4 Rh7 20. f5 g5 21. Qh5+ Kg8 22. f6 Nc8 23. Qg6+ Kh8 24. f7+ Rg7 25. Qxh6# 1-0

[Event "January 9 Early 2024"]
[Site "https://www.chess.com"]
[Date "2024.01.11"]
[Round "9"]
[White "Skurikhin, Dmitrij"]
[Black "Shevchuk, Olexandr"]
[Result "1/2-1/2"]
[Board "19"]
[TimeControl "180+1"]
[WhiteFideId "4161297"]
[BlackFideId "14113775"]
[WhiteElo "2223"]
[BlackElo "2506"]
[WhiteTeam "RUS"]
[BlackTeam "UKR"]
[WhiteClock "0:00:58"]
[BlackClock "0:02:02"]

1. d4 e6 2. Nf3 c5 3. c4 cxd4 4. Nxd4 Nf6 5. Nc3 d5 6. cxd5 Nxd5 7. g3 Nxc3 8. bxc3 Bd7 9. Bg2 Nc6 10. O-O Be7 11. Rb1 Nxd4 12. cxd4 Bc6 13. Bxc6+ bxc6 14. Qc2 O-O 15. Qxc6 Qxd4 16. Bb2 Qg4 17. Qf3 Qxf3 18. exf3 Rfd8 19. Rfd1 Rab8 20. Be5 Rxb1 21. Rxb1 f6 22. Bf4 Bc5 23. Be3 Bxe3 24. fxe3 Rd2 25. Rb8+ Kf7 26. Rb7+ Kg6 27. Rxa7 h5 28. h4 Rd3 29. Kf2 Rd2+ 30. Kf1 e5 31. e4 Rb2 32. Kg1 Rb1+ 33. Kg2 Rb2+ 34. Kg1 Rb1+ 35. Kg2 Rb2+ 36. Kg1 1/2-1/2

[Event "January 9 Early 2024"]
[Site "https://www.chess.com"]
[Date "2024.01.11"]
[Round "9"]
[White "Horak, Martin"]
[Black "De Souza, Cristiano Gomes"]
[Result "1-0"]
[Board "20"]
[TimeControl "180+1"]
[WhiteFideId "367095"]
[BlackFideId "2151758"]
[WhiteElo "2524"]
[BlackElo "2279"]
[WhiteTeam "CZE"]
[BlackTeam "BRA"]
[WhiteClock "0:01:29"]
[BlackClock "0:01:48"]

1. e4 c5 2. Nf3 d6 3. d4 cxd4 4. Qxd4 Nf6 5. Be2 Nc6 6. Qe3 g6 7. h3 Bg7 8. O-O O-O 9. Rd1 Bd7 10. c4 a6 11. Nc3 Rc8 12. b3 Re8 13. Bb2 Qc7 14. Rac1 e6 15. Qd2 h5 16. Qxd6 Qxd6 17. Rxd6 Bf8 18. Rdd1 Bh6 19. e5 Bxc1 20. Bxc1 Nxe5 21. Nxe5 Bc6 22. Nxc6 Rxc6 23. Bf3 Rc7 24. Bg5 Nh7 25. Bf4 Rce7 26. Rd6 e5 27. Be3 e4 28. Nxe4 Rxe4 29. Bxe4 Rxe4 30. Rd7 b5 31. c5 Re6 32. Rb7 Kg7 33. Rb6 Rxb6 34. cxb6 Nf8 35. b7 Nd7 36. Ba7 1-0

[Event "January 9 Early 2024"]
[Site "https://www.chess.com"]
[Date "2024.01.11"]
[Round "9"]
[White "Matinian, Nikita"]
[Black "Belov, Alexei"]
[Result "1-0"]
[Board "21"]
[TimeControl "180+1"]
[WhiteFideId "24129100"]
[BlackFideId "4128206"]
[WhiteElo "2726"]
[BlackElo "2564"]
[WhiteTeam "FID"]
[BlackTeam "RUS"]
[WhiteClock "0:01:27"]
[BlackClock "0:01:09"]

1. e4 e6 2. d4 d5 3. Nc3 Nf6 4. Bg5 dxe4 5. Nxe4 Be7 6. Nxf6+ Bxf6 7. Bxf6 Qxf6 8. Nf3 O-O 9. Bd3 c5 10. Qe2 cxd4 11. Qe4 Qh6 12. h4 Nc6 13. Ng5 f5 14. Qe2 Qf6 15. Bc4 Kh8 16. O-O-O e5 17. Qh5 h6 18. f4 exf4 19. Rde1 Bd7 20. Bf7 Ne5 21. Rxe5 Qxe5 22. Qg6 Qe3+ 23. Kb1 1-0

[Event "January 9 Early 2024"]
[Site "https://www.chess.com"]
[Date "2024.01.11"]
[Round "9"]
[White "Krivenko, Dion"]
[Black "Cupid, Kevin"]
[Result "1-0"]
[Board "22"]
[TimeControl "180+1"]
[WhiteFideId "4508378"]
[BlackFideId "7700512"]
[WhiteElo "2453"]
[BlackElo "2329"]
[WhiteTeam "EST"]
[BlackTeam "TTO"]
[WhiteClock "0:01:33"]
[BlackClock "0:00:43"]

1. e4 c6 2. d4 d5 3. e5 Bf5 4. Bd3 Bxd3 5. Qxd3 e6 6. Ne2 Ne7 7. O-O h5 8. a4 a5 9. c3 Nd7 10. Bg5 Qb6 11. Na3 Nf5 12. Ng3 g6 13. Nxf5 gxf5 14. c4 Qa6 15. Rfc1 Nb6 16. Qb3 Bxa3 17. Qxa3 c5 18. Qxc5 1-0

[Event "January 9 Early 2024"]
[Site "https://www.chess.com"]
[Date "2024.01.11"]
[Round "9"]
[White "Gabrielian, Artur"]
[Black "Volkov, Maksim"]
[Result "1-0"]
[Board "23"]
[TimeControl "180+1"]
[WhiteFideId "4131002"]
[BlackFideId "54123070"]
[WhiteElo "2803"]
[BlackElo "2657"]
[WhiteTeam "RUS"]
[BlackTeam "RUS"]
[WhiteClock "0:01:41"]
[BlackClock "0:00:55"]

1. e4 c5 2. Nf3 d6 3. d4 cxd4 4. Nxd4 Nf6 5. Nc3 a6 6. Bc4 e6 7. Be3 b5 8. Bb3 Be7 9. Qe2 Bb7 10. f3 Nc6 11. O-O-O Na5 12. Bxe6 fxe6 13. Nxe6 Qc8 14. Nxg7+ Kf7 15. Nf5 Nc4 16. Bd4 Re8 17. Qf2 Ne5 18. Qh4 Ng6 19. Qh6 Bf8 20. Qg5 Ng8 21. h4 h6 22. Qg3 Ne5 23. h5 Qe6 24. Bxe5 dxe5 25. Rd7+ Re7 26. Nd6+ 1-0

[Event "January 9 Early 2024"]
[Site "https://www.chess.com"]
[Date "2024.01.11"]
[Round "9"]
[White "Olenik Campa, Rudi"]
[Black "Osinovsky, Stepan"]
[Result "1-0"]
[Board "24"]
[TimeControl "180+1"]
[WhiteFideId "14633264"]
[BlackFideId "4157354"]
[WhiteElo "2563"]
[BlackElo "2418"]
[WhiteTeam "SLO"]
[BlackTeam "RUS"]
[WhiteClock "0:02:09"]
[BlackClock "0:00:10"]

1. e4 e5 2. Nf3 Nc6 3. Bc4 Nf6 4. Qe2 Bc5 5. Ng5 O-O 6. Nxf7 Rxf7 7. Bxf7+ Kxf7 8. Qc4+ d5 9. Qxc5 Nxe4 10. Qe3 Nd4 11. Na3 Nf5 12. Qe2 Qh4 13. d3 Nd4 14. Qe3 Nf5 15. Qf3 Nf6 16. O-O Bd7 17. c3 Kg8 18. h3 Rf8 19. Re1 Bc6 20. Bd2 d4 21. Qxf5 1-0